 Dungeon Sprint DCSS version 0.22-a0-515-g75794bf (webtiles) character file.

24649 raistware the Tortoise (level 12, -1/118 HPs)
             Began as a Minotaur Berserker on June 19, 2018.
             Was a High Priest of Trog.
             Succumbed to a ghost moth's poison
             ... in the Dungeon (Sprint IX: "|||||||||||||||||||||||||||||").
             The game lasted 00:20:02 (1862 turns).

raistware the Tortoise (Minotaur Berserker)         Turns: 1862, Time: 00:20:02

Health: -1/118     AC: 29    Str: 24 (26) XL:     12   Next: 82%
Magic:  0/19       EV: 17    Int:  2 (4)  God:    Trog [*****.]
Gold:   1292       SH:  0    Dex:  9 (11) Spells: 11/11 levels left

rFire    + . .     SeeInvis .   n - +2 dire flail (protect)
rCold    . . .     Gourm    .   (shield currently unavailable)
rNeg     . . .     Faith    .   J - +3 plate armour {rF+}
rPois    .         Spirit   +   (helmet restricted)
rElec    .         Reflect  .   C - scarf {Spirit}
rCorr    .         Harm     .   D - +2 pair of gloves
MR       ++...     NoTele   +   y - +0 pair of boots
Stlth    ..........             (no amulet)
HPRegen  1.29/turn              q - +2 ring of protection
MPRegen  0.16/turn              r - +2 ring of evasion

@: lethally poisoned (-1 -> -30), regenerating, slowed, very slow
A: retaliatory headbutt, horns 2
a: Berserk, Trog's Hand, Brothers in Arms, Renounce Religion


You were in the Dungeon.
You worshipped Trog.
Trog was extremely pleased with you.
You were hungry.

You visited 1 branch You collected 1926 gold pieces.
You spent 634 gold pieces at shops.

Inventory:

Hand Weapons
 f - the +6 spear of Koviq {elec, *Corrode rC+ Dex+3}
   (Trog gifted it to you in the Dungeon)

   Occasionally, upon striking a foe, it will discharge some electrical energy
   and cause terrible harm.
   It affects your dexterity (+3).
   It protects you from cold.
   It may corrode you when you take damage.
 j - a +2 demon whip of venom
 n - a +2 dire flail of protection (weapon)
 s - the +6 short sword of Fixation {pierce, rN+}
   (Trog gifted it to you in the Dungeon)

   It inflicts extra damage upon your enemies.
   It protects you from negative energy.
 A - a +2 trident of protection
 I - a +3 mace of holy wrath
Armour
 t - a +0 cloak of magic resistance
 y - a +0 pair of boots (worn)
 C - a scarf of spirit shield (worn)
 D - a +2 pair of gloves (worn)
 J - a +3 plate armour of fire resistance (worn)
Jewellery
 q - a +2 ring of protection (left hand)
 r - a +2 ring of evasion (right hand)
 E - an uncursed ring of positive energy
 F - an uncursed ring of protection from fire
 G - an uncursed ring of fire
 H - an uncursed ring of protection from fire
Wands
 a - a wand of paralysis (7)
 m - a wand of iceblast (5)
Scrolls
 i - 2 scrolls of blinking
 l - 4 scrolls of remove curse
 o - 6 scrolls of enchant armour
 u - 2 scrolls of enchant weapon
 v - 2 scrolls of fear
 w - 2 scrolls of fog
Potions
 b - a potion of brilliance
 d - 8 potions of curing
 e - 13 potions of heal wounds
 g - 4 potions of magic
 h - 3 potions of berserk rage
 k - a potion of invisibility
Comestibles
 c - 12 rations
 p - 7 chunks of flesh


   Skills:
 + Level 14.8 Fighting
 - Level 14.5 Maces & Flails
 + Level 12.5 Polearms
 + Level 19.4 Armour
 + Level 18.0 Dodging
 + Level 11.5 Evocations


You had 11 spell levels left.
You didn't know any spells.
Your spell library was empty.

Dungeon Overview and Level Annotations

Branches:
Dungeon (1/1)

Altars:
Cheibriados
Dithmenos
Elyvilon
Fedhas
Gozag
Hepliaklqana
Kikubaaqudgha
Makhleb
Nemelex Xobeh
Okawaru
Qazlal
Ru
Sif Muna
Trog
Uskayaw
Vehumet
Wu Jian
Xom
Yredelemnul
Zin
The Shining One
Beogh
Jiyva
Lugonu

Shops:
D [[[*


Innate Abilities, Weirdness & Mutations

You reflexively headbutt those who attack you in melee.
You have a pair of horns on your head.


Message History

You feel extremely sick. Something hits you.
* * * LOW HITPOINT WARNING * * *
You feel weakened. Something hits you!
* * * LOW HITPOINT WARNING * * *
You feel clumsy.
Something stings you but does no damage.
You feel you are being watched by something.
Something hits you but does no damage. x2
Something stings you but does no damage.
Your ogre goes berserk!
You are feeling hungry.
* * * LOW HITPOINT WARNING * * *
You feel extremely sick.
You feel you are being watched by something.
Something hits you but does no damage. x2; Something closely misses you.
Unknown command.
You swap places.
You die...

▓.▓.▓.▓.▓.▓.▓.▓.▓_
▓.▓.▓[▓.▓)▓.▓'▓.▓_
▓.▓.▓[▓.▓.▓.▓.▓.▓_
▓.▓.▓[▓.▓)▓.▓.▓.▓_
▓.▓.▓[▓.▓)▓.▓.▓.▓_
▓w▓.▓[▓.▓)▓.▓÷▓.▓_
▓.▓.▓[▓.▓)▓.▓.▓.▓_
▓O▓.▓[▓.▓.▓.▓.▓.▓_
▓@▓.▓[▓.▓.▓.▓†▓.▓_
▓.▓.▓.▓.▓.▓.▓.▓.▓_
▓.▓.▓)▓.▓)▓.▓÷▓.▓_
▓.▓.▓)▓.▓)▓.▓)▓.▓_
▓.▓.▓)▓.▓.▓.▓.▓.▓_
▓.▓.▓.▓.▓.▓.▓.▓.▓_
▓.▓.▓)▓.▓)▓.▓.▓.▓_
▓)▓.▓)▓.▓†▓.▓.▓.▓_
▓)▓.▓)▓.▓)▓.▓.▓.▓'


You could see a torpor snail and a friendly ogre (berserk).

Vanquished Creatures
  Saint Roka (D)
  Gastronok (D)
  A fire giant (D)
  A ghost moth (D)
  A merfolk javelineer (D)
  Harold (D)
  A fire dragon (D)
  2 ice dragons (D)
  2 two-headed ogres (D)
  A hell knight (D)
  2 unseen horrors (D)
  A harpy (D)
  3 wolf spiders (D)
  A manticore (D)
  A water nymph (D)
  A gargoyle (D)
  A troll (D)
  2 merfolk (D)
  A tyrant leech (D)
  A redback (D)
  2 wraiths (D)
  Grum (D)
  An acid dragon (D)
  A water moccasin (D)
  A porcupine (D)
  3 orc warriors (D)
  3 wolves (D)
  A centaur (D)
  A crocodile (D)
  2 hounds (D)
  A jelly (D)
  3 orc wizards (D)
  2 adders (D)
  A shadow imp (D)
  An adder skeleton (D)
  A worm (D)
  A leopard gecko (D)
  3 orcs (D)
  A bat (D)
  2 bat skeletons (D)
  A bat zombie (D)
  2 goblins (D)
  A hobgoblin (D)
  A ball python skeleton (D)
  A ball python zombie (D)
  A frilled lizard (D)
65 creatures vanquished.

Vanquished Creatures (collateral kills)
  An ettin (D)
  A hydra (D)
  6 orc high priests (D)
  A vampire mage (D)
  2 sea snakes (D)
  4 orc knights (D)
  2 lindwurms (D)
  A harpy (D)
  Maurice (D)
  2 spiny frogs (D)
  2 tyrant leeches (D)
  3 wyverns (D)
  2 basilisks (D)
  4 porcupines (D)
  7 orc warriors (D)
  A crocodile (D)
  2 bullfrogs (D)
  11 orc priests (D)
  4 orc wizards (D)
  2 worms (D)
  4 orcs (D)
63 creatures vanquished.

Grand Total: 128 creatures vanquished

Notes
Turn   | Place    | Note
-------+----------+-------------------------------------------
     0 | D        | raistware the Minotaur Berserker began the quest for the Orb.
     0 | D        | Reached XP level 1. HP: 19/19 MP: 0/0
     6 | D        | Reached skill level 5 in Maces & Flails
     8 | D        | Reached ** piety under Trog
    22 | D        | Noticed a hound
    24 | D        | Reached XP level 2. HP: 26/26 MP: 1/1
    26 | D        | Reached *** piety under Trog
    28 | D        | Reached XP level 3. HP: 31/31 MP: 2/2
    39 | D        | Found a roughly hewn altar of Beogh.
    39 | D        | Found a snail-covered altar of Cheibriados.
    39 | D        | Found a shadowy altar of Dithmenos.
    39 | D        | Found a white marble altar of Elyvilon.
    39 | D        | Found a blossoming altar of Fedhas.
    39 | D        | Found an opulent altar of Gozag.
    40 | D        | Found a hazy altar of Hepliaklqana.
    41 | D        | Found a viscous altar of Jiyva.
    42 | D        | Found an ancient bone altar of Kikubaaqudgha.
    43 | D        | Found a corrupted altar of Lugonu.
    44 | D        | Found a burning altar of Makhleb.
    45 | D        | Found a sparkling altar of Nemelex Xobeh.
    46 | D        | Found an iron altar of Okawaru.
    47 | D        | Found a stormy altar of Qazlal.
    48 | D        | Found a sacrificial altar of Ru.
    49 | D        | Found a deep blue altar of Sif Muna.
    50 | D        | Found a bloodstained altar of Trog.
    51 | D        | Found a hide-covered altar of Uskayaw.
    52 | D        | Found a radiant altar of Vehumet.
    53 | D        | Found an ornate altar of the Wu Jian Council.
    54 | D        | Found a shimmering altar of Xom.
    55 | D        | Found a basalt altar of Yredelemnul.
    56 | D        | Found a glowing silver altar of Zin.
    57 | D        | Found a glowing golden altar of the Shining One.
   102 | D        | Noticed a gargoyle
   102 | D        | Noticed a two-headed ogre
   107 | D        | Killed a two-headed ogre
   107 | D        | Reached **** piety under Trog
   107 | D        | Reached skill level 8 in Armour
   107 | D        | Reached XP level 4. HP: 39/39 MP: 3/3
   107 | D        | Reached XP level 5. HP: 45/45 MP: 4/4
   107 | D        | Reached XP level 6. HP: 51/51 MP: 5/5
   107 | D        | Reached XP level 7. HP: 57/57 MP: 6/6
   109 | D        | Reached skill level 9 in Armour
   117 | D        | Killed a gargoyle
   117 | D        | Reached skill level 10 in Armour
   124 | D        | Reached ***** piety under Trog
   124 | D        | Reached XP level 8. HP: 44/64 MP: 7/7
   167 | D        | Noticed a two-headed ogre
   172 | D        | Killed an unseen horror
   172 | D        | Reached skill level 12 in Armour
   181 | D        | Killed a two-headed ogre
   181 | D        | Received a gift from Trog
   181 | D        | Reached skill level 13 in Armour
   181 | D        | Reached XP level 9. HP: 70/70 MP: 8/8
   196 | D        | Reached skill level 14 in Armour
   205 | D        | Got a smoking short sword {god gift}
   206 | D        | Identified the +6 short sword of Fixation {pierce, rN+} (Trog gifted it to you in the Dungeon)
   251 | D        | Noticed Maurice
   256 | D        | Killed Maurice
   361 | D        | Reached skill level 1 in Evocations
   377 | D        | Reached skill level 5 in Fighting
   379 | D        | Received a gift from Trog
   395 | D        | Noticed a spiny frog
   395 | D        | Noticed a four-headed hydra
   396 | D        | Noticed a spiny frog
   402 | D        | Killed a four-headed hydra
   402 | D        | Reached skill level 15 in Armour
   404 | D        | Killed a spiny frog
   404 | D        | Reached XP level 10. HP: 83/84 MP: 10/12
   405 | D        | Killed a spiny frog
   417 | D        | Received a gift from Trog
   431 | D        | Noticed a lindwurm
   431 | D        | Noticed a lindwurm
   437 | D        | Killed a lindwurm
   441 | D        | Reached skill level 5 in Evocations
   446 | D        | Killed a lindwurm
   698 | D        | Noticed an orc knight
   701 | D        | Killed an orc knight
   702 | D        | Received a gift from Trog
   739 | D        | Received a gift from Trog
   740 | D        | Got a scorched mace {god gift}
   741 | D        | Identified the +1 mace "Qeufy" {freeze, *Corrode Int+3 Stlth+} (Trog gifted it to you in the Dungeon)
   754 | D        | Noticed an orc knight
   754 | D        | Noticed an orc knight
   754 | D        | Noticed an orc knight
   757 | D        | Killed an orc knight
   757 | D        | Reached skill level 16 in Armour
   763 | D        | Killed an orc knight
   763 | D        | Reached skill level 1 in Polearms
   768 | D        | Noticed an orc high priest
   774 | D        | Killed an orc knight
   774 | D        | Reached skill level 15 in Dodging
   782 | D        | Killed an orc high priest
   808 | D        | Received a gift from Trog
   828 | D        | Found Palyfit's General Store.
   828 | D        | Noticed an orc high priest
   835 | D        | Killed an orc high priest
   839 | D        | Found Ozesm's Antique Armour Shop.
   847 | D        | Found Jibewn's Antique Armour Boutique.
   851 | D        | Noticed an orc high priest
   856 | D        | Noticed an orange demon
   857 | D        | Noticed an orc high priest
   858 | D        | Killed an orc high priest
   858 | D        | Received a gift from Trog
   858 | D        | Reached skill level 10 in Fighting
   861 | D        | Noticed an orc high priest
   861 | D        | Found Fatedaac's Antique Armour Shop.
   871 | D        | Killed an orc high priest
   871 | D        | Reached skill level 5 in Polearms
   871 | D        | Reached XP level 11. HP: 99/100 MP: 11/15
   873 | D        | Noticed an orc high priest
   875 | D        | Killed an orc high priest
   882 | D        | Bought a potion of heal wounds for 65 gold pieces
   882 | D        | Bought a ration for 65 gold pieces
   882 | D        | Bought 2 potions of curing for 78 gold pieces
   883 | D        | Killed an orc high priest
   889 | D        | Bought a runed scarf for 216 gold pieces
   904 | D        | Bought a pair of runed gloves for 210 gold pieces
   991 | D        | Noticed Grum
   997 | D        | Killed Grum
   997 | D        | Received a gift from Trog
  1031 | D        | Noticed Harold
  1041 | D        | Killed Harold
  1041 | D        | Reached skill level 17 in Armour
  1165 | D        | Noticed a vampire mage
  1168 | D        | Received a gift from Trog
  1168 | D        | Noticed a fire dragon
  1171 | D        | Killed an unseen horror
  1173 | D        | Noticed an ice dragon
  1177 | D        | Noticed a hell knight
  1177 | D        | Noticed a fire giant
  1182 | D        | Received a gift from Trog
  1189 | D        | Killed a vampire mage
  1196 | D        | Noticed an ettin
  1200 | D        | Killed a fire dragon
  1206 | D        | Killed an ice dragon
  1209 | D        | Noticed an ice dragon
  1218 | D        | Killed a fire giant
  1225 | D        | Killed a hell knight
  1239 | D        | Killed an ettin
  1261 | D        | Killed an ice dragon
  1261 | D        | Reached skill level 18 in Armour
  1309 | D        | Got a dazzling spear {god gift}
  1310 | D        | Identified the +6 spear of Koviq {elec, *Corrode rC+ Dex+3} (Trog gifted it to you in the Dungeon)
  1350 | D        | Noticed Gastronok
  1373 | D        | Killed Gastronok
  1373 | D        | Reached skill level 10 in Polearms
  1373 | D        | Reached skill level 10 in Evocations
  1373 | D        | Reached XP level 12. HP: 75/115 MP: 14/18
  1385 | D        | Noticed Saint Roka
  1471 | D        | Killed Saint Roka
  1602 | D        | Noticed a merfolk javelineer
  1631 | D        | Killed a merfolk javelineer
  1631 | D        | Reached skill level 19 in Armour
  1850 | D        | Killed a ghost moth
  1861 | D        | HP: 4/118 [poisoned by a ghost moth]
  1862 | D        | Succumbed to a ghost moth's poison

Vault maps used:
D:        linesprint

Skill      XL: |  1  2  3  4  5  6  7  8  9 10 11 12 |
---------------+-------------------------------------+-----
Maces & Flails | 6 9 14 | 14.5
Armour         | 8 10 13 15 16 18 19 | 19.4
Dodging        | 8 9 12 14 15 16 18 | 18.0
Fighting       | 6 10 13 14 | 14.8
Evocations     | 4 7 10 11 | 11.5
Polearms       | 5 10 12 | 12.5

Action                   |  1- 3 |  4- 6 |  7- 9 | 10-12 || total
-------------------------+-------+-------+-------+-------++-------
Melee: Mace              |    14 |       |       |       ||    14
       Headbutt          |     4 |       |    11 |    43 ||    58
       Dire flail        |     3 |       |    53 |   217 ||   273
       Demon whip        |       |       |       |     1 ||     1
Invok: Berserk           |     2 |       |     2 |     2 ||     6
       Trog's Hand       |     1 |       |     1 |     7 ||     9
       Brothers in Arms  |       |       |     4 |    17 ||    21
Evoke: Wand              |       |       |       |     5 ||     5
  Use: Potion            |       |       |       |     4 ||     4
       Scroll            |       |       |       |     2 ||     2
  Eat: Chunk             |       |       |     4 |    15 ||    19
Armor: Animal skin       |     5 |       |       |       ||     5
       Plate armour      |       |       |    20 |   124 ||   144
Dodge: Dodged            |     9 |       |    16 |   109 ||   134

Table legend:
 A = Spawn XP
 B = Non-spawn XP
 C = Spawn XP percentage of total XP
 D = Spawn monster count
 E = Non-spawn monster count
 F = Spawn count percentage of total count
 G = Total turns spent on level
                    A         B        C        D         E        F      G
               +---------+---------+-------+---------+---------+-------+---------
         Total |       0 |   35214 |   0.0 |       0 |     128 |   0.0 |  1862
               +---------+---------+-------+---------+---------+-------+---------
             D |       0 |   35214 |   0.0 |       0 |     128 |   0.0 |  1862
               +---------+---------+-------+---------+---------+-------+---------
